 Dungeon Crawl Stone Soup version 0.30-a0-711-gf4ac18a38d (webtiles) character file.

Game seed: 3208092982044320081

25079 wormed the Covert (level 12, -5/95 HPs)
             Began as a Demonspawn Fire Elementalist on Jan 22, 2023.
             Was an Elder of Vehumet.
             Slain by a komodo dragon (22 damage)
             ... on level 5 of the Lair of Beasts.
             The game lasted 00:32:17 (19641 turns).

wormed the Covert (Demonspawn Fire Elementalist)   Turns: 19641, Time: 00:32:17

Health: -5/95      AC: 17    Str: 10    XL:     12   Next: 86%
Magic:  7/24       EV: 15    Int: 20    God:    Vehumet [****..]
Gold:   864        SH:  0    Dex: 14    Spells: 8/28 levels left

rFire   + . .      SeeInvis .    p - +2 short sword (flame)
rCold   x . .      Faith    .    H - orb {guile}
rNeg    . . .      Spirit   .    B - +3 leather armour
rPois   .          Reflect  .    g - +1 hat {Will+}
rElec   .          Harm     .    v - +2 cloak
rCorr   .          Rampage  .    (no gloves)
Will    .....                    (no boots)
Stlth   ++++                     (no amulet)
HPRegen 0.35/turn                a - +4 ring of protection
MPRegen 0.19/turn                n - ring of fire

@: mighty, very slightly contaminated
A: hooves 1, slimy green scales 2, powered by pain 1, spiny 1, no potion heal 1
a: Renounce Religion


You were on level 5 of the Lair of Beasts.
You worshipped Vehumet.
Vehumet was greatly pleased with you.
You visited 2 branches of the dungeon, and saw 16 of its levels.
You also visited: Sewer.

You collected 989 gold pieces.
You spent 125 gold pieces at shops.

Inventory:

Hand Weapons
 p - a +2 short sword of flaming (weapon)
Missiles
 y - 2 throwing nets
Armour
 g - a +1 hat of willpower (worn)
 v - a +2 cloak (worn)
 B - a +3 leather armour (worn)
 H - an orb of guile (worn)
Magical Staves
 w - a staff of cold
Jewellery
 a - a +4 ring of protection (left hand)
 h - an amulet of guardian spirit
 n - a ring of fire (right hand)
 r - a ring of see invisible
 A - a +4 ring of protection
Wands
 z - a wand of roots (2)
 C - a wand of acid (3) (quivered)
 D - a wand of charming (4)
 E - a wand of flame (16)
Scrolls
 b - a scroll of amnesia
 c - 5 scrolls of identify
 i - 6 scrolls of teleportation
 j - 4 scrolls of fog
 s - a scroll of blinking
 u - 3 scrolls of summoning
Potions
 d - 2 potions of flight
 e - a potion of brilliance
 f - 6 potions of mutation
 k - 2 potions of berserk rage
 l - 2 potions of ambrosia
 m - 3 potions of lignification
 o - 3 potions of haste
 q - 4 potions of might
 t - 7 potions of curing
 x - 3 potions of attraction


   Skills:
 + Level 9.0 Fighting
 + Level 8.6 Dodging
 + Level 9.3 Stealth
 + Level 8.6 Spellcasting
 + Level 9.2 Conjurations
 + Level 8.8 Fire Magic


You had 8 spell levels left.
You knew the following spells:

 Your Spells              Type           Power      Damage    Failure   Level
a - Foxfire               Conj/Fire      100%       2x1d9     1%          1
b - Scorch                Fire           100%       2d10      1%          2
c - Inner Flame           Hex/Fire       39%        N/A       1%          3
d - Irradiate             Conj/Tmut      13%        3d16      12%         5
e - Stone Arrow           Conj/Erth      54%        3d10      1%          3
f - Iron Shot             Conj/Erth      13%        9d3       50%         6

Your spell library contained the following spells:

 Spells                   Type           Power      Damage    Failure   Level
 Magic Dart               Conj           100%       1d8       1%          1
 Hailstorm                Conj/Ice       27%        3d7       1%          3
 Flame Wave               Conj/Fire      61%        2d14      1%          4
 Ignite Poison            Fire/Tmut/Pois 30%        N/A       2%          3
 Kindle Blastsparks       Fire/Tloc/Air  60%        2d15      2%          3
 Mephitic Cloud           Conj/Pois/Air  20%        N/A       2%          3
 Poisonous Vapours        Pois/Air       16%        N/A       4%          2
 Apportation              Tloc           16%        N/A       11%         1
 Beastly Appendage        Tmut           16%        N/A       11%         1
 Necrotise                Necr           32%        1d5       11%         1
 Summon Small Mammal      Summ           32%        N/A       11%         1
 Call Imp                 Summ           8%         N/A       17%         2
 Cigotuvi's Dreadful Rot  Necr/Pois/Air  16%        N/A       17%         2
 Wereblood                Tmut           8%         N/A       17%         2
 Freezing Cloud           Conj/Ice/Air   10%        6-21      22%         5
 Airstrike                Air            4%         2d(1-17)  28%         4
 Call Canine Familiar     Summ           8%         N/A       32%         3
 Gell's Gravitas          Tloc           8%         N/A       32%         3
 Portal Projectile        Hex/Tloc       16%        N/A       32%         3
 Spider Form              Tmut/Pois      8%         N/A       32%         3
 Summon Guardian Golem    Hex/Summ       8%         N/A       32%         3
 Teleport Other           Tloc           8%         N/A       32%         3
 Orb of Destruction       Conj           22%        9d8       45%         7
 Leda's Liquefaction      Hex/Erth       4%         N/A       73%         4
 Spellforged Servitor     Conj/Summ      13%        N/A       96%         7
 Alistair's Intoxication  Tmut/Pois      5%         N/A       97%         5
 Dispersal                Tloc           4%         N/A       100%        6
 Fire Storm               Conj/Fire      30%        8d8       100%        9


Dungeon Overview and Level Annotations

Branches:
Dungeon (11/15)            Temple (0/1) D:6            Lair (4/5) D:9
  Swamp (0/4) Lair:3       Spider (0/4) Lair:2          Orc (0/2) D:9
  Sewer (visited)
  Slime: Lair:4-5

Altars:
Ashenzari
Makhleb
Nemelex Xobeh
Qazlal
Ru
Sif Muna
Trog
Vehumet
Wu Jian
Xom
Yredelemnul

Shops:
D:9 [

Annotations:
D:6 2 runed translucent doors, superbruh's ghost, novice MiMo
D:11 Fannar


Innate Abilities, Weirdness & Mutations

You have large cloven feet.
You are mostly covered in slimy green scales. (AC +3)
You sometimes gain a little power by taking damage.
You are partially covered in sharp spines.
Potions are less effective at restoring your health.


Message History

Confirm with . or Enter, or press ? or * to list all spells.
You feel a surge of power!
You conjure some foxfire!
The foxfire hits the komodo dragon.
The komodo dragon is lightly wounded.
The foxfire hits the komodo dragon!
The komodo dragon is moderately wounded.
Casting: Foxfire (safe; 1% risk of failure)
Confirm with . or Enter, or press ? or * to list all spells.
You feel a surge of power!
You conjure some foxfire!
The foxfire hits the komodo dragon.
The komodo dragon is moderately wounded.
The foxfire hits the komodo dragon but does no damage.
The komodo dragon is moderately wounded.
Casting: Foxfire (safe; 1% risk of failure)
Confirm with . or Enter, or press ? or * to list all spells.
You feel a surge of power!
You conjure some foxfire!
The foxfire hits the komodo dragon but does no damage.
The komodo dragon is moderately wounded.
You hit the komodo dragon but do no damage.
The komodo dragon is moderately wounded.
The foxfire hits the komodo dragon.
The komodo dragon is moderately wounded.
You hit the komodo dragon. You burn the komodo dragon.
You kick the komodo dragon, but do no damage.
The komodo dragon is moderately wounded.
The komodo dragon is struck by your spines.
The komodo dragon bites you!
* * * LOW HITPOINT WARNING * * *
You are confused.
Your system partially rejects the healing.
You feel invigorated. The komodo dragon bites you!
* * * LOW HITPOINT WARNING * * *
You focus on the pain.
You feel very mighty all of a sudden.
Your system partially rejects the healing.
You feel better.
You feel less invigorated. The komodo dragon barely misses you.
Your system partially rejects the healing.
You feel better. The komodo dragon bites you!!
You die...

.. ... ... .. ####
... .## ###..###
#.##.. ###......#
###..#.####....##.(#
#...#...#.....##@.##
........P....##.l.#
##........##...##
###.....PP.##...†#
.....#....##..†.##
..#.##...###....#
##..#..†..#...†.#
#......##........#
P.......##.#.......


You could see a komodo dragon.

Vanquished Creatures
  Gastronok (D:10)
  2 hydras
  3 two-headed ogres
  A boulder beetle (Lair:2)
  A death yak (Lair:4)
  Amaemon (D:11)
  2 bog bodies (Lair:3)
  A cyclops (D:11)
  A black mamba (Lair:5)
  A guardian serpent (Lair:5)
  An orange demon (D:11)
  Joseph (D:7)
  6 cane toads
  2 komodo dragons
  2 hornets (Lair:5)
  2 trolls
  2 polar bears
  5 dream sheep (Lair:3)
  A jumping spider (Lair:2)
  2 culicivoras (Lair:2)
  2 shadows
  5 wyverns
  29 yaks
  3 basilisks
  2 redbacks
  2 swamp worms (Lair:3)
  An acid dragon (D:9)
  8 water moccasins
  A hornet zombie (D:7)
  An ice beast (D:8)
  4 orc warriors
  3 sky beasts
  A black bear (D:8)
  2 ogres
  5 centaurs
  A phantom (D:5)
  7 kobold brigands
  8 bullfrogs
  A gnoll sergeant (D:8)
  2 necrophages (D:5)
  Blork the orc (D:4)
  3 scorpions (D:5)
  3 wights (D:7)
  15 killer bees
  3 howler monkeys (D:11)
  2 electric eels (Lair:3)
  3 hounds
  2 jellies
  4 gnoll boudas
  5 orc priests
  2 iguanas
  Natasha (thrice) (D:4)
  2 orc wizards
  Robin (D:4)
  19 gnolls
  A howler monkey zombie (D:7)
  7 adders
  2 river rats (D:6)
  2 white imps (Lair:4)
  3 worms
  2 dart slugs
  26 orcs
  9 endoplasms
  6 giant cockroaches
  11 hobgoblins
  52 kobolds
  7 quokkas
  12 ball pythons
  15 bats
  4 frilled lizards
  10 goblins
  15 rats
  A spectral hobgoblin (D:1)
379 creatures vanquished.

Vanquished Creatures (collateral kills)
  2 foxfires
2 creatures vanquished.

Vanquished Creatures (others)
  A bush (Lair:5)
  409 foxfires
  28 fungi
  62 plants
500 creatures vanquished.

Grand Total: 881 creatures vanquished

Notes
Turn   | Place    | Note
-------+----------+-------------------------------------------
     0 | D:1      | wormed the Demonspawn Fire Elementalist began the quest for
                  | the Orb.
     0 | D:1      | Reached XP level 1. HP: 13/13 MP: 3/3
    50 | D:1      | Found a faded altar of an unknown god.
   265 | D:1      | Gained mutation: You sometimes gain a little power by
                  | taking damage. [demonic ancestry]
   265 | D:1      | Reached XP level 2. HP: 15/20 MP: 1/5
   268 | D:1      | Learned a level 2 spell: Scorch
  1241 | D:2      | Reached skill level 1 in Fighting
  1309 | D:2      | Reached XP level 3. HP: 14/26 MP: 2/6
  2036 | D:3      | Reached XP level 4. HP: 29/32 MP: 7/7
  2231 | D:2      | Learned a level 3 spell: Inner Flame
  2420 | D:3      | Found a burning altar of Makhleb.
  2422 | D:3      | Found a broken altar of Ashenzari.
  2430 | D:3      | Found a sacrificial altar of Ru.
  2810 | D:3      | Found a sparkling altar of Nemelex Xobeh.
  3070 | D:3      | Found a shimmering altar of Xom.
  3209 | D:3      | Gained mutation: You are partially covered in slimy green
                  | scales. (AC +2) [demonic ancestry]
  3209 | D:3      | Reached XP level 5. HP: 38/38 MP: 3/8
  3879 | D:4      | Noticed Blork the orc
  3982 | D:4      | Found a bloodstained altar of Trog.
  4069 | D:4      | Killed Blork the orc
  4176 | D:4      | Noticed Robin
  4227 | D:4      | Found a radiant altar of Vehumet.
  4233 | D:4      | Became a worshipper of Vehumet
  4511 | D:4      | Noticed Natasha
  4523 | D:4      | Killed Natasha
  4524 | D:4      | Gained mutation: You have large cloven feet. [demonic
                  | ancestry]
  4524 | D:4      | Reached XP level 6. HP: 40/44 MP: 2/10
  4830 | D:4      | Noticed Natasha
  4840 | D:4      | Killed Natasha
  4944 | D:4      | Noticed Natasha
  4951 | D:4      | Killed Natasha
  4980 | D:4      | Killed Robin
  5078 | D:5      | Entered Level 5 of the Dungeon
  5363 | D:4      | Learned a level 4 spell: Flame Wave
  5385 | D:5      | Reached XP level 7. HP: 45/51 MP: 0/11
  5592 | D:4      | Reached * piety under Vehumet
  5592 | D:4      | Offered knowledge of Kiss of Death by Vehumet.
  6141 | D:5      | Reached XP level 8. HP: 57/58 MP: 8/13
  6497 | D:6      | Found a staircase to the Ecumenical Temple.
  6544 | D:6      | Found a glowing drain.
  6661 | Sewer    | Entered a sewer
  6786 | Sewer    | Offered knowledge of Searing Ray by Vehumet.
  6786 | Sewer    | Reached ** piety under Vehumet
  7776 | D:6      | Found a runed translucent door.
  7783 | D:6      | Noticed superbruh's ghost (novice MiMo)
  7867 | D:6      | Found a runed translucent door.
  8865 | D:7      | Reached skill level 5 in Fire Magic
  9038 | D:7      | Reached skill level 5 in Stealth
  9038 | D:7      | Gained mutation: You are partially covered in sharp spines.
                  | [demonic ancestry]
  9038 | D:7      | Reached XP level 9. HP: 66/66 MP: 8/16
  9046 | D:7      | Reached skill level 5 in Conjurations
  9421 | D:7      | Noticed Joseph
  9432 | D:7      | Killed Joseph
  9433 | D:7      | Reached skill level 5 in Dodging
  9433 | D:7      | Reached skill level 5 in Spellcasting
  9528 | D:7      | Found a stormy altar of Qazlal.
  9642 | D:7      | Found an ornate altar of the Wu Jian Council.
  9855 | D:7      | Reached skill level 5 in Fighting
  9924 | D:7      | Found a basalt altar of Yredelemnul.
 10091 | D:8      | Offered knowledge of Static Discharge by Vehumet.
 10280 | D:8      | Reached *** piety under Vehumet
 10307 | D:8      | Identified the +7 trident of Truth {protect, Contam +Blink
                  | Will+}
 11101 | D:8      | Reached XP level 10. HP: 67/75 MP: 12/18
 11155 | D:8      | Noticed a two-headed ogre
 11167 | D:8      | Killed a two-headed ogre
 11167 | D:8      | Offered knowledge of Fulminant Prism by Vehumet.
 11944 | D:9      | Found a staircase to the Orcish Mines.
 12116 | D:9      | Found a staircase to the Lair.
 12140 | D:9      | Found Woigyoxt's Antique Armour Shop.
 12150 | D:9      | Bought a wizard robe for 125 gold pieces
 12150 | D:9      | Identified the +4 robe of Pionlac {rElec Int-4 Dex+3} (You
                  | bought it in a shop on level 9 of the Dungeon)
 12217 | D:9      | Got the Volume of Shocking Toxicants
 12758 | D:9      | Found a shimmering blue altar of Sif Muna.
 13001 | D:10     | Entered Level 10 of the Dungeon
 13001 | D:10     | Noticed Gastronok
 13037 | D:10     | Got the Catalogue of Fluctuating Heat
 13252 | D:10     | Reached **** piety under Vehumet
 13566 | D:10     | Identified the +3 sling of Vipteut {antimagic, Fragile
                  | +Blink rElec Dex+4}
 13614 | D:10     | Offered knowledge of Stone Arrow by Vehumet.
 13621 | D:10     | Learned a level 3 spell: Stone Arrow
 14087 | D:10     | Noticed a two-headed ogre
 14090 | D:10     | Killed a two-headed ogre
 14125 | D:10     | Identified the +0 ring mail of Vlad {Contam rF+ Will+
                  | Dex+2}
 14267 | D:10     | Killed Gastronok
 14268 | D:10     | Gained mutation: You are mostly covered in slimy green
                  | scales. (AC +3) [demonic ancestry]
 14268 | D:10     | Reached XP level 11. HP: 83/83 MP: 1/21
 14582 | D:11     | Noticed Fannar
 14585 | D:11     | Noticed a two-headed ogre
 14911 | D:11     | Killed a two-headed ogre
 14943 | D:11     | Noticed Amaemon
 14954 | D:11     | Killed Amaemon
 15415 | Lair:1   | Entered Level 1 of the Lair of Beasts
 15722 | Lair:1   | Reached ***** piety under Vehumet
 15915 | Lair:1   | Got the Volume of Stormy Fulmination
 16131 | Lair:1   | Offered knowledge of Iron Shot by Vehumet.
 16140 | Lair:1   | Learned a level 6 spell: Iron Shot
 16646 | Lair:1   | Learned a level 5 spell: Irradiate
 16657 | Lair:2   | Noticed a seven-headed hydra
 16662 | Lair:2   | Killed a seven-headed hydra
 17067 | Lair:2   | Noticed a boulder beetle
 17124 | Lair:2   | Killed a boulder beetle
 17273 | Lair:2   | Reached XP level 12. HP: 90/92 MP: 7/23
 17459 | Lair:2   | Found a hole to the Spider Nest.
 18830 | Lair:3   | Found a staircase to the Swamp.
 18997 | Lair:4   | Noticed a death yak
 19010 | Lair:4   | Noticed a death yak
 19020 | Lair:4   | Noticed a death yak
 19027 | Lair:4   | Killed a death yak
 19173 | Lair:4   | You fall into a shaft and drop 1 floor!
 19173 | Lair:5   | Entered Level 5 of the Lair of Beasts
 19473 | Lair:5   | Paralysed by a hornet for 3 turns
 19603 | Lair:5   | Noticed a four-headed hydra
 19612 | Lair:5   | Killed a four-headed hydra
 19614 | Lair:5   | Gained mutation: Potions are less effective at restoring
                  | your health. [mutagenic glow]
 19641 | Lair:5   | Slain by a komodo dragon

Illustrated notes

Levels and vault maps discovered:
D:1:      dpeg_arrival_shelter, layout_loops_ring,
          dreamdust_ecumenical_altar_drowned_temple
D:2:      layout_loops_ring, serial_glass, glass_columns_b, glass_columns_a
D:3:      layout_basic, nemelex_altar_shiori, nicolae_overflow_hidden_temple,
          moated_statue, minmay_joined_circles
D:4:      layout_gridville, mainiacjoe_overflow_catch_the_wave,
          uniq_blork_the_orc, uniq_robin, uniq_natasha
D:5:      layout_basic, minmay_chambers_of_fives
D:6:      layout_layer_cave, minmay_temple_entry_arrows, ebering_ghost_sewer_f,
          portal_sewer_entry_c
D:7:      layout_rooms, mainiacjoe_overflow_catwalk,
          nicolae_qazlal_general_emergency, lemuel_zombie_altar_yredelemnul,
          uniq_joseph
D:8:      layout_gridville
D:9:      layout_gridville, mainiacjoe_overflow_alcove_2, lair_entry_dummy,
          david_orc_2, serial_shops, nicolae_lakefront_shop
D:10:     layout_roguey, serial_curves, eino_curves_01, eino_curves_03,
          eino_curves_02, eino_curves_03, kennysheep_generic_room_11,
          uniq_gastronok
D:11:     layout_rooms, uniq_fannar, uniq_amaemon
Lair:1:   layout_cave_pods
Lair:2:   layout_regular_city, spider_nest_entry_funnel_web,
          dreamdust_gnoll_shepherd
Lair:3:   layout_regular_city, nicolae_swamp_entry_splash_gauntlet,
          nicolae_lair_lil_pond, ldierk_geyser
Lair:4:   layout_loops_ring, slime_entry_1, portal_ice_cave_entry_imps,
          serial_rivers, chequers_serial_rivers_large_a,
          chequers_serial_rivers_small_b, chequers_serial_rivers_small_a,
          chequers_serial_rivers_large_b, uniq_sonja
Lair:5:   wormcave, layout_loops_ring, hangedman_lair_tendril_chambers

Skill      XL: |  1  2  3  4  5  6  7  8  9 10 11 12 |
---------------+-------------------------------------+-----
Dodging        | 2 3 4 5 6 7 8 |  8.6
Stealth        | 2 3 4 5 6 7 8 9 |  9.3
Fighting       | 1 2 3 4 5 6 7 9 |  9.0
Fire Magic     | 3 4 5 6 7 8 |  8.8
Conjurations   | 2 3 4 6 7 8 9 |  9.2
Spellcasting   | 3 4 5 6 7 8 |  8.6

Action                     |  1- 3 |  4- 6 |  7- 9 | 10-12 || total
---------------------------+-------+-------+-------+-------++-------
  Melee: Short sword       |    66 |   164 |    69 |     5 ||   304
         Unarmed           |     3 |       |       |       ||     3
         Punch             |     1 |     2 |     1 |       ||     4
         Kick              |       |    23 |    20 |     2 ||    45
   Cast: Foxfire           |    11 |    17 |    85 |   131 ||   244
         Scorch            |    22 |    72 |    83 |   118 ||   295
         Inner Flame       |       |     1 |    46 |   143 ||   190
         Flame Wave        |       |       |     1 |       ||     1
         Irradiate         |       |       |       |     1 ||     1
  Evoke: Wand              |       |       |       |     3 ||     3
    Use: Scroll            |     7 |     4 |     8 |     9 ||    28
         Potion            |       |       |     2 |     7 ||     9
   Stab: Sleeping          |     1 |       |       |       ||     1
 Armour: Leather armour    |    39 |   147 |    77 |    28 ||   291
  Dodge: Dodged            |    55 |   210 |   124 |    59 ||   448

Table legend: (Time is in decaauts)
 A = Elapsed time spent in this place.
 B = Non-inter-level travel time spent in this place.
 C = Inter-level travel time spent in this place.
 D = Time resting spent in this place.
 E = Time spent auto-exploring this place.
 F = Levels seen in this place.
 G = Mean time per level.
                   A        B        C        D        E       F      G
               +--------+--------+--------+--------+--------+-----+--------+
         Total |  19720 |  18683 |   1037 |    230 |  15654 |  17 | 1160.0 |
       Dungeon |  14837 |  13867 |    970 |    230 |  11501 |  11 | 1348.8 |
          Lair |   4230 |   4164 |     66 |      0 |   3634 |   5 |  846.0 |
         Sewer |    652 |    652 |      0 |      0 |    517 |   1 |  652.0 |
               +--------+--------+--------+--------+--------+-----+--------+

Top non-repeatable levels by time:
    D:10: 2010 daAuts
     D:3: 1666 daAuts
     D:6: 1623 daAuts
     D:8: 1542 daAuts
     D:4: 1439 daAuts
     D:9: 1404 daAuts
     D:5: 1389 daAuts
  Lair:1: 1241 daAuts
  Lair:2: 1218 daAuts
     D:7: 1183 daAuts
  Lair:3: 1161 daAuts
     D:2: 1159 daAuts
     D:1: 1043 daAuts
   Sewer: 652 daAuts
  Lair:5: 469 daAuts
